 Dungeon Crawl Stone Soup version 0.31.0-12-g77e489cdc1 (webtiles) character file.

Game seed: 16541037838532173463

1219 monsoonserge the Ruffian (level 8, -1/61 HPs)
             Began as a Gnoll Shapeshifter on Mar 5, 2024.
             Was an Initiate of Cheibriados.
             Slain by a gnoll
             ... wielding a +0 flail
             ... led by a gnoll bouda
              (8 damage)
             ... on level 4 of the Dungeon.
             The game lasted 00:11:15 (3505 turns).

monsoonserge the Ruffian (Gnoll Shapeshifter)       Turns: 3505, Time: 00:11:15

Health: -1/61      AC:  4    Str: 21    XL:     8   Next: 47%
Magic:  13/13      EV: 18    Int: 15    God:    Cheibriados [......]
Gold:   254        SH:  5    Dex: 12    Spells: 11/13 levels left

rFire   . .          .
                       - Unarmed
rCold   . . .        (shield currently unavailable)
rNeg    . . .        B - melded +0 ring mail
rPois   .            (no helmet)
rElec   .            (no cloak)
rCorr   .            (no gloves)
SInv    .            n - +1 pair of boots
Will    .....        h - amulet of reflection
Stlth   +            o - +6 ring of intelligence
HPRegen 0.30/turn    C - ring of flight
MPRegen 0.13/turn

%: reflection
@: flux-form, on berserk cooldown, flying, slowed, glowing, very slow
A: glow, contaminating, fangs 1, strong nose, distributed training, iridescent
scales 1, strong 1, persistent drain
a: Begin Untransformation, Renounce Religion


You were on level 4 of the Dungeon.
You worshipped Cheibriados.
Cheibriados was noncommittal.
You were something dangerously unstable.
You visited 1 branch of the dungeon, and saw 4 of its levels.
You also visited: Ossuary.

You collected 254 gold pieces.

Inventory:

Hand Weapons
 q - a +2 vampiric whip
 w - a +3 heavy flail
Missiles
 v - 5 atropa-tipped darts
 y - 8 javelins (quivered)
Armour
 a - a +0 animal skin
 e - a +0 leather armour
 j - a +0 chain mail
 n - a +1 pair of boots (worn)
 B - a +0 ring mail (melded)
Jewellery
 h - an amulet of reflection (around neck)
 m - a ring of ice
 o - a +6 ring of intelligence (left hand)
 C - a ring of flight (right hand)
 G - a ring of ice
Talismans
 c - a beast talisman
 d - a flux talisman (active)
Scrolls
 f - 3 scrolls of identify {unknown}
 g - 6 scrolls of fog {unknown}
 k - 5 scrolls of vulnerability {unknown}
 r - a scroll of blinking {unknown}
 t - 3 scrolls of amnesia {unknown}
 x - a scroll of immolation {unknown}
 E - a scroll of teleportation {unknown}
 F - a scroll of revelation {unknown}
 H - 3 scrolls of noise {unknown}
 J - a scroll of silence {unknown}
 L - a scroll of enchant weapon {unknown}
Potions
 b - a potion of lignification
 i - a potion of might {unknown}
 l - a potion of curing
 p - 3 potions of berserk rage
 s - a potion of haste {unknown}
 u - 2 potions of attraction {unknown}
 z - 2 potions of mutation
 A - a potion of heal wounds {unknown}
 D - 3 potions of brilliance {unknown}
 I - a potion of invisibility {unknown}
 K - a potion of enlightenment {unknown}


   Skills:
 + Level 4.3 Fighting
 + Level 3.4 Short Blades
 + Level 3.4 Long Blades
 + Level 3.4 Axes
 + Level 3.4 Maces & Flails
 + Level 3.4 Polearms
 + Level 3.4 Staves
 + Level 3.4 Ranged Weapons
 + Level 3.4 Throwing
 + Level 3.4 Armour
 + Level 5.8 Dodging
 + Level 3.4 Stealth
 + Level 3.4 Shields
 + Level 7.4 Unarmed Combat
 + Level 3.4 Spellcasting
 + Level 2.8 Conjurations
 + Level 2.8 Hexes
 + Level 2.8 Summonings
 + Level 2.8 Necromancy
 + Level 2.8 Translocations
 + Level 2.8 Fire Magic
 + Level 2.8 Ice Magic
 + Level 2.8 Air Magic
 + Level 2.8 Earth Magic
 + Level 2.8 Alchemy
 + Level 3.8 Invocations
 + Level 3.4 Evocations
 + Level 7.3 Shapeshifting


You had 11 spell levels left.
You knew the following spells:

 Your Spells              Type           Power      Damage    Failure   Level
a - Blink                 Tloc           22%        N/A       9%          2

Your spell library contained the following spells:

 Spells                   Type           Power      Damage    Failure   Level
 Jinxbite                 Hex            22%        N/A       9%          2
 Lesser Beckoning         Tloc           22%        N/A       9%          2
 Momentum Strike          Conj/Tloc      22%        3d8       9%          2
 Yara's Violent Unravell  Hex/Alch       5%         3d4       86%         5
 Enfeeble                 Hex            5%         N/A       100%        7


Dungeon Overview and Level Annotations

Branches:
Dungeon (4/15)            Ossuary (visited)
 Temple: D:4-7

Altars:
Cheibriados
Vehumet
Xom
The Shining One


Innate Abilities, Weirdness & Mutations

You are something dangerously unstable.
You glow with magical radiation, making you easy to see and hit.
Foes you strike become dangerously contaminated with magical radiation.
You are incapable of wielding weapons or throwing items.
You have very sharp teeth.
Your uncanny sense of smell can sniff out nearby items.
Your experience applies equally to all skills.
You are partially covered in iridescent scales. (AC +2)
Your muscles are strong. (Str +4, Int/Dex -1)
Your health recovers twice as slowly from being drained.


Message History

You feel yourself slow down. The gnoll barely misses you.
It was a potion of mutation.
You feel extremely strange.
Iridescent scales grow over part of your body.
You begin to recover more slowly from draining effects.
You feel stronger. The gnoll completely misses you.
It was a potion of curing.
You feel better. The gnoll closely misses you.
The gnoll hits you with a +0 spear.
* * * LOW HITPOINT WARNING * * *
You feel better.
The gnoll stops glowing.
The gnoll barely misses you.
You hit the gnoll.
You kill the gnoll!
Cheibriados appreciates the change of pace.
The gnoll hits you with a +0 club.
* * * LOW HITPOINT WARNING * * *
You hit the gnoll.
The gnoll begins to glow.
The gnoll is moderately wounded.
You block the gnoll's attack.
You hit the gnoll.
The gnoll glows dangerously bright.
The gnoll is heavily wounded.
The gnoll hits you with a +0 club!
* * * LOW HITPOINT WARNING * * *
You hit the gnoll.
The gnoll shudders as magic cascades through it!!
You kill the gnoll!
Cheibriados appreciates the change of pace.
You block the gnoll's attack.
You hit the gnoll.
The gnoll begins to glow.
The gnoll is lightly wounded.
The gnoll closely misses you.
You hit the gnoll.
The gnoll glows dangerously bright.
The gnoll is moderately wounded.
The gnoll hits you with a +0 flail!
* * * LOW HITPOINT WARNING * * *
You hit the gnoll.
The gnoll shudders as magic cascades through it.
The gnoll twists and deforms.
The gnoll is heavily wounded.
The gnoll hits you with a +0 flail!
You die...

.....###...#.#.#.######'###.# #.
.....+.###.......# ##.###.# ##.
.....#..##...#.##### #......# #..
.............#.....###......###.#
####.........####................
#.........###...PPPP..####.._.
####)........'......g............
.....#####...###g#####...........
.....#####...# #p# #.#######.##
............# #)# #.........#
##..........# #.# #.g........
#..........# #.# #.>......##.
#..........# #.# #........# #
##..........+ ..# #...g....g.
.#..........# #### #.....g...g
.#...#+###### #.!........ .#...#
########...


You could see a gnoll (misshapen).

Vanquished Creatures
  A black bear (D:4)
  A weeping skull (Ossuary)
  An elf zombie (D:4)
  3 elf skeletons (D:4)
  6 water moccasin zombies (Ossuary)
  A spectral scorpion (Ossuary)
  A hound (D:4)
  A gnoll bouda (D:4)
  Terence (D:3)
  An orc wizard (D:3)
  3 human skeletons (D:4)
  A crocodile zombie (Ossuary)
  2 mummies (Ossuary)
  8 gnolls (D:4)
  4 adders
  3 adder zombies (Ossuary)
  A dart slug (D:2)
  2 orcs (D:3)
  3 bats
  7 endoplasms
  12 giant cockroaches
  10 hobgoblins
  3 jackals (D:3)
  11 kobolds
  A quokka (D:2)
  9 ball pythons
  4 frilled lizards (D:2)
  5 gnoll zombies (Ossuary)
  6 goblins
  4 jackal zombies (Ossuary)
  4 orc skeletons (D:4)
  3 orc zombies (Ossuary)
  7 rats
130 creatures vanquished.

Notes
Turn   | Place    | Note
-------+----------+-------------------------------------------
     0 | D:1      | monsoonserge the Gnoll Shapeshifter began the quest for the
                  | Orb.
     0 | D:1      | Reached XP level 1. HP: 17/17 MP: 1/1
   270 | D:1      | Reached XP level 2. HP: 23/23 MP: 2/2
   537 | D:1      | Found a faded altar of an unknown god.
   818 | D:2      | Reached XP level 3. HP: 23/28 MP: 3/3
   955 | D:2      | Found a glowing golden altar of the Shining One.
   973 | D:2      | Reached skill level 1 in Invocations
  1190 | D:2      | Reached skill level 1 in Short Blades
  1190 | D:2      | Reached skill level 1 in Long Blades
  1190 | D:2      | Reached skill level 1 in Axes
  1190 | D:2      | Reached skill level 1 in Maces & Flails
  1190 | D:2      | Reached skill level 1 in Polearms
  1190 | D:2      | Reached skill level 1 in Staves
  1190 | D:2      | Reached skill level 1 in Ranged Weapons
  1190 | D:2      | Reached skill level 1 in Throwing
  1190 | D:2      | Reached skill level 1 in Armour
  1190 | D:2      | Reached skill level 1 in Stealth
  1190 | D:2      | Reached skill level 1 in Shields
  1190 | D:2      | Reached skill level 1 in Spellcasting
  1190 | D:2      | Reached skill level 1 in Evocations
  1394 | D:2      | Reached XP level 4. HP: 34/34 MP: 5/5
  1497 | D:3      | Noticed Terence
  1506 | D:3      | Killed Terence
  1507 | D:3      | Reached skill level 1 in Conjurations
  1507 | D:3      | Reached skill level 1 in Hexes
  1507 | D:3      | Reached skill level 1 in Summonings
  1507 | D:3      | Reached skill level 1 in Necromancy
  1507 | D:3      | Reached skill level 1 in Translocations
  1507 | D:3      | Reached skill level 1 in Fire Magic
  1507 | D:3      | Reached skill level 1 in Ice Magic
  1507 | D:3      | Reached skill level 1 in Air Magic
  1507 | D:3      | Reached skill level 1 in Earth Magic
  1507 | D:3      | Reached skill level 1 in Alchemy
  1629 | D:3      | Learned a level 2 spell: Blink
  1652 | D:3      | Found a shimmering altar of Xom.
  1669 | D:3      | Found a shimmering altar of Xom.
  1669 | D:3      | Found a shimmering altar of Xom.
  1686 | D:3      | Reached XP level 5. HP: 37/40 MP: 7/7
  2304 | D:4      | Found a radiant altar of Vehumet.
  2482 | D:4      | Noticed a black bear
  2520 | D:4      | Found a sand-covered staircase.
  2529 | D:4      | Reached XP level 6. HP: 33/47 MP: 8/8
  2579 | D:4      | Reached skill level 5 in Dodging
  2630 | D:4      | Reached XP level 7. HP: 37/52 MP: 10/10
  2660 | Ossuary  | Entered an ossuary
  2925 | Ossuary  | Reached XP level 8. HP: 48/60 MP: 12/12
  3384 | D:4      | Found a snail-covered altar of Cheibriados.
  3396 | D:4      | Became a worshipper of Cheibriados the Contemplative
  3496 | D:4      | Gained mutation: You are partially covered in iridescent
                  | scales. (AC +2) [potion of mutation]
  3496 | D:4      | Gained mutation: Your health recovers twice as slowly from
                  | being drained. [potion of mutation]
  3496 | D:4      | Gained mutation: Your muscles are strong. (Str +4, Int/Dex
                  | -1) [potion of mutation]
  3505 | D:4      | Slain by a gnoll

Illustrated notes

Levels and vault maps discovered:
D:1:      heliophobic_arrival_ceremonial_halls, layout_basic,
          hellmonk_ecumenical_altar_prayer_group
D:2:      minmay_roachtagon, layout_rooms, basic_altar, minmay_surrounded
D:3:      layout_basic, xom_redecorated, hex_large, supply_closet_lemuel,
          hangedman_decor_push, uniq_terence
D:4:      layout_basic, mainiacjoe_overflow_boulevard,
          lemuel_coloured_pillars_altar, minmay_temple_entry_poolview,
          nicolae_ossuary_entry_catacombs

Skill      XL: |  1  2  3  4  5  6  7 |
---------------+----------------------+-----
Invocations    | 1 2 3 |  3.8
Short Blades   | 1 2 3 |  3.4
Long Blades    | 1 2 3 |  3.4
Axes           | 1 2 3 |  3.4
Maces & Flails | 1 2 3 |  3.4
Polearms       | 1 2 3 |  3.4
Staves         | 1 2 3 |  3.4
Ranged Weapons | 1 2 3 |  3.4
Throwing       | 1 2 3 |  3.4
Armour         | 1 2 3 |  3.4
Stealth        | 1 2 3 |  3.4
Shields        | 1 2 3 |  3.4
Spellcasting   | 1 2 3 |  3.4
Evocations     | 1 2 3 |  3.4
Conjurations   | 1 2 |  2.8
Hexes          | 1 2 |  2.8
Summonings     | 1 2 |  2.8
Necromancy     | 1 2 |  2.8
Translocations | 1 2 |  2.8
Fire Magic     | 1 2 |  2.8
Ice Magic      | 1 2 |  2.8
Air Magic      | 1 2 |  2.8
Earth Magic    | 1 2 |  2.8
Alchemy        | 1 2 |  2.8
Fighting       | 3 4 |  4.3
Dodging        | 5 |  5.8
Unarmed Combat | 7 |  7.4
Shapeshifting  | 7 |  7.3

Action                     |  1- 3 |  4- 6 |  7- 9 || total
---------------------------+-------+-------+-------++-------
  Melee: Unarmed           |    90 |   123 |   200 ||   413
         Whip              |    19 |    16 |       ||    35
         Bite              |     8 |    26 |    38 ||    72
         Punch             |     2 |       |       ||     2
    Use: Potion            |       |       |     4 ||     4
 Armour: Animal skin       |     2 |       |       ||     2
         Chain mail        |    32 |     9 |       ||    41
         Leather armour    |     2 |       |       ||     2
         Skin              |    10 |    35 |    69 ||   114
  Dodge: Dodged            |    50 |    53 |    97 ||   200
  Block: Other             |    19 |    17 |    35 ||    71
   Form: Flux              |     2 |     2 |       ||     4
         Beast             |     2 |     1 |       ||     3
